 Dungeon Crawl Stone Soup version 0.21.1-1-g345015fe64 (webtiles) character file.

4977 Granthy the Spear-Bearer (level 10, -13/88 HPs)
             Began as a Minotaur Fighter on June 17, 2018.
             Was a Follower of Ru.
             Mangled by a large slime creature (30 damage)
             ... on level 8 of the Dungeon.
             The game lasted 00:27:25 (7124 turns).

Granthy the Spear-Bearer (Minotaur Fighter)         Turns: 7124, Time: 00:27:25

Health: -13/88     AC: 14    Str: 22    XL:     10   Next: 29%
Magic:  9/9        EV: 12    Int: 10    God:    Ru [*.....]
Gold:   351        SH: 13    Dex: 17    Spells: 9/9 levels left

rFire    + . .     SeeInvis .   L - +4 trident
rCold    x . .     Gourm    .   n - +1 shield {AC+3}
rNeg     . . .     Faith    .   r - +0 chain mail
rPois    .         Spirit   .   (helmet restricted)
rElec    .         Reflect  .   (no cloak)
rCorr    .         Harm     .   (no gloves)
MR       .....                  (no boots)
Stlth    ..........             (no amulet)
HPRegen  0.24/turn              G - ring of fire
MPRegen  0.11/turn              g - ring of flight

@: brilliant, agile
A: retaliatory headbutt, horns 2, screaming 1, inability to train dodging
a: Renounce Religion, Evoke Flight


You were on level 8 of the Dungeon.
You worshipped Ru.
Ru was aware of your devotion.
You were hungry.

You visited 2 branches of the dungeon, and saw 9 of its levels.
You also visited: Sewer.

You collected 486 gold pieces.
You spent 135 gold pieces at shops.

Inventory:

Hand Weapons
 a - a +0 war axe
 k - a +1 scythe of protection
 q - a +0 war axe
 s - a +0 hand axe
 v - a +3 trident
 F - the +9 rapier "Vymnycwu" {pierce, MP+9, unknown}
   (You found it on level 6 of the Dungeon)

   It inflicts extra damage upon your enemies.
   It affects your magic capacity (+9).
 H - a +0 shortbow
 K - a +0 dagger of protection
 L - a +4 trident (weapon)
 Q - a +0 dagger of chaos
 R - a cursed +0 battleaxe
Missiles
 I - 79 arrows
Armour
 b - a +0 scale mail
 c - a +0 shield
 n - a +1 shield of protection (worn)
 r - a +0 chain mail (worn)
Magical Staves
 C - an uncursed staff of conjuration {unknown}
Jewellery
 g - a ring of flight (right hand)
 h - a -5 ring of strength
 G - a ring of fire (left hand)
Wands
 d - a wand of iceblast (24)
 l - a wand of paralysis (20)
Scrolls
 e - 5 scrolls of teleportation
 j - 8 scrolls of identify
 p - 4 scrolls of remove curse
 t - 3 scrolls of fear {unknown}
 w - 3 scrolls of blinking {unknown}
 A - 4 scrolls of amnesia {unknown}
 B - 2 scrolls of fog {unknown}
 D - a scroll of immolation {unknown}
 O - a scroll of noise {unknown}
 S - 2 scrolls of enchant weapon
Potions
 i - 4 potions of curing
 m - a potion of flight
 u - a potion of ambrosia {unknown}
 x - 2 potions of agility
 z - a potion of magic {unknown}
 E - 2 potions of might
 P - a potion of haste {unknown}
 T - a potion of heal wounds {unknown}
Books
 y - a book of Summonings

   Spells                             Type                      Level
   a - Recall                         Summoning/Translocation      3
   b - Aura of Abjuration             Summoning                    5
   c - Summon Demon                   Summoning                    5
   d - Summon Forest                  Summoning/Translocation      5
   e - Summon Mana Viper              Hexes/Summoning              5
   f - Shadow Creatures               Summoning                    6
 J - a book of Maledictions

   Spells                             Type                      Level
   a - Corona                         Hexes                        1
   b - Ensorcelled Hibernation        Hexes/Ice                    2
   c - Confuse                        Hexes                        3
   d - Tukima's Dance                 Hexes                        3
   e - Dazzling Spray                 Conjuration/Hexes            3
 M - a book of Air

   Spells                             Type                      Level
   a - Shock                          Conjuration/Air              1
   b - Swiftness                      Charms/Air                   2
   c - Static Discharge               Conjuration/Air              3
   d - Airstrike                      Air                          4
   e - Lightning Bolt                 Conjuration/Air              5
Comestibles
 f - 15 rations
 N - 2 chunks of flesh


   Skills:
 * Level 7.9 Fighting
 - Level 6.7(9.3) Axes
 * Level 10.0(10.8) Polearms
 * Level 8.8 Armour
 * Level 9.5 Shields
 + Level 0.2 Evocations


You had 9 spell levels left.
You didn't know any spells.

Dungeon Overview and Level Annotations

Branches:
Dungeon (8/15)             Temple (1/1) D:6
   Lair: D:8-11

Altars:
Ashenzari
Cheibriados
Dithmenos
Elyvilon
Fedhas
Gozag
Hepliaklqana
Kikubaaqudgha
Nemelex Xobeh
Okawaru
Qazlal
Ru
Sif Muna
Trog
Uskayaw
Vehumet
Wu Jian
Xom
Yredelemnul
Zin
The Shining One
Jiyva

Shops:
D:4 ?

Annotations:
D:5 exclusion: statue
D:8 1 transporter


Innate Abilities, Weirdness & Mutations

You reflexively headbutt those who attack you in melee.
You have a pair of horns on your head.
You occasionally shout uncontrollably at your foes.
You cannot train Dodging skill.


Message History

The slime creature hits you but does no damage.
You see here a pair of embroidered gloves.
The slime creature hits you!
* * * LOW HITPOINT WARNING * * *
An enormous slime creature splits.
There is a transporter landing site here.
You can't go up here!
You can't go down here!
You can't go up here!
There are no items here.
It was a potion of agility.
You feel agile all of a sudden.
You block the large slime creature's attack.
The slime creature barely misses you.
The large slime creature barely misses you.
You furiously retaliate!
You headbutt the large slime creature.
It was a potion of brilliance.
You feel clever all of a sudden. The large slime creature hits you!!
You die...

#....#... ####### #......#
##©###.## ##.....### ##..#.#..##
..>....... #.........#
##.....##.####.[().###
..........# #.."_$.[# .
......###. ###.$$["### ..
...######. #...JJJ...# ... ....#
... ##..#@#..## .... ###.#
##.####.###.## ..... #.#
#(..##############......
###.##.###..#########..........
.)..#...........©.)....#####+###
##..######.###.....##.#........##
##....................#..........
≈#.###...#.##....######...≈......
≈..###...#..#....## #..........


You could see 2 large slime creatures and a slime creature.

Vanquished Creatures
  A two-headed ogre (D:8)
  A gargoyle (D:8)
  Psyche (D:8)
  The ghost of zuik the Basher, a novice GrBe of Trog (D:5)
  Sigmund (D:5)
  A yak (D:7)
  A human (D:7)
  3 hogs (D:7)
  A hungry ghost (D:7)
  An orc warrior (D:7)
  A sky beast (D:8)
  A black bear (D:7)
  2 ice beasts (D:7)
  2 phantoms
  2 ogres
  2 centaurs
  A crocodile (Sewer)
  3 bullfrogs
  3 scorpions
  5 wights (D:8)
  A howler monkey (D:6)
  2 crimson imps
  2 hounds
  A jelly (D:8)
  An orc priest (D:6)
  A centaur skeleton (D:4)
  A gnoll shaman (D:7)
  5 orc wizards
  Terence (D:3)
  6 iguanas
  5 worker ants
  A hound zombie (D:2)
  A worker ant zombie (D:6)
  8 gnolls (D:7)
  4 adders
  A shadow imp (D:7)
  2 oozes
  An adder skeleton (D:6)
  2 worms
  5 dart slugs
  7 leopard geckos
  15 orcs
  2 ball pythons (D:3)
  4 giant cockroaches
  6 goblins
  7 hobgoblins
  2 jackals (Sewer)
  14 kobolds
  7 quokkas
  12 bats
  8 frilled lizards
  A jackal skeleton (D:3)
  A leopard gecko skeleton (D:4)
  A quokka skeleton (D:2)
  12 rats
184 creatures vanquished.

Vanquished Creatures (others)
  A centaur (D:6)
1 creature vanquished.

Grand Total: 185 creatures vanquished

Notes
Turn   | Place    | Note
-------+----------+-------------------------------------------
     0 | D:1      | Granthy the Minotaur Fighter began the quest for the Orb.
     0 | D:1      | Reached XP level 1. HP: 19/19 MP: 0/0
    84 | D:1      | Reached XP level 2. HP: 23/27 MP: 1/1
   254 | D:1      | Reached XP level 3. HP: 33/33 MP: 2/2
   988 | D:2      | Found a blossoming altar of Fedhas.
  1053 | D:2      | Reached XP level 4. HP: 40/40 MP: 3/3
  1054 | D:2      | Found a faded altar of an unknown god.
  1143 | D:2      | Found a sacrificial altar of Ru.
  1169 | D:2      | Became a worshipper of Ru the Awakened
  1613 | D:3      | Reached XP level 5. HP: 47/47 MP: 4/4
  1794 | D:3      | Noticed Terence
  1801 | D:3      | Killed Terence
  2171 | D:4      | Reached skill level 5 in Axes
  2171 | D:4      | Reached skill level 5 in Shields
  2210 | D:4      | Reached XP level 6. HP: 53/53 MP: 5/5
  2236 | D:4      | Found a bloodstained altar of Trog.
  2355 | D:4      | Found Koic Huaq's Magic Scroll Emporium.
  2470 | D:4      | Bought a scroll of teleportation for 30 gold pieces
  2470 | D:4      | Bought a scroll of remove curse for 30 gold pieces
  2470 | D:4      | Bought a scroll of enchant armour for 75 gold pieces
  2874 | D:5      | Entered Level 5 of the Dungeon
  2965 | D:5      | Noticed Sigmund
  2986 | D:5      | Killed Sigmund
  2986 | D:5      | Reached skill level 5 in Fighting
  2986 | D:5      | Reached skill level 5 in Armour
  2986 | D:5      | Reached XP level 7. HP: 23/61 MP: 6/6
  3028 | D:5      | Found a glowing drain.
  3051 | Sewer    | Entered a sewer
  3383 | D:5      | Noticed zuik's ghost (novice GrBe)
  3418 | D:5      | HP: 3/61 [poisoned by zuik's ghost]
  3423 | D:5      | HP: 2/61 [poisoned by zuik's ghost]
  3428 | D:5      | HP: 1/61 [poisoned by zuik's ghost]
  3436 | D:5      | HP: 1/61 [poisoned by zuik's ghost]
  3592 | D:6      | HP: 2/61 [crimson imp (2)]
  4061 | D:6      | Reached skill level 1 in Polearms
  4072 | D:6      | Got a crystal rapier
  4130 | D:5      | Killed zuik's ghost
  4130 | D:5      | Reached skill level 2 in Polearms
  4130 | D:5      | Reached XP level 8. HP: 48/70 MP: 7/7
  4305 | D:5      | Gained mutation: You cannot train Dodging skill. [Ru sacrifice]
  4305 | D:5      | Reached * piety under Ru
  4337 | D:5      | Found a radiant altar of Vehumet.
  4628 | D:5      | Reached skill level 3 in Polearms
  5007 | D:6      | Reached skill level 4 in Polearms
  5113 | D:6      | Reached skill level 5 in Polearms
  5138 | D:6      | Found a staircase to the Ecumenical Temple.
  5409 | Temple   | Entered the Ecumenical Temple
  5833 | D:7      | Reached XP level 9. HP: 64/78 MP: 8/8
  5846 | D:7      | Reached skill level 6 in Polearms
  5923 | D:7      | Reached skill level 7 in Polearms
  6009 | D:7      | Found a snail-covered altar of Cheibriados.
  6229 | D:7      | Gained mutation: You occasionally shout uncontrollably at your foes. [Ru sacrifice]
  6334 | D:7      | Reached skill level 8 in Polearms
  6549 | D:8      | Noticed Psyche
  6570 | D:8      | Killed Psyche
  6570 | D:8      | Reached skill level 9 in Polearms
  6614 | D:8      | Reached XP level 10. HP: 73/86 MP: 9/9
  6629 | D:8      | Found a hazy altar of Hepliaklqana.
  6630 | D:8      | Found a shimmering altar of Xom.
  6785 | D:8      | Noticed a two-headed ogre
  6800 | D:8      | Killed a two-headed ogre
  7035 | D:8      | Found a deep blue altar of Sif Muna.
  7049 | D:8      | Found a transporter.
  7053 | D:8      | Noticed a gargoyle
  7054 | D:8      | Found a viscous altar of Jiyva.
  7070 | D:8      | Killed a gargoyle
  7070 | D:8      | Reached skill level 10 in Polearms
  7103 | D:8      | Found a transporter.
  7124 | D:8      | Mangled by a large slime creature

Skill      XL: |  1  2  3  4  5  6  7  8  9 10 |
---------------+-------------------------------+-----
Shields        | 4 5 6 7 9 |  9.5
Fighting       | 4 5 6 7 |  7.9
Armour         | 4 5 6 7 8 |  8.8
Axes           | 3 4 5 6 |  6.7
Polearms       | 2 5 9 10 | 10.0
Evocations     | |  0.2

Action                   |  1- 3 |  4- 6 |  7- 9 | 10-12 || total
-------------------------+-------+-------+-------+-------++-------
Melee: War axe           |    84 |   141 |    61 |       ||   286
       Headbutt          |    12 |    25 |    77 |    17 ||   131
       Trident           |       |       |   309 |    59 ||   368
Invok: Sacrifice Nimblen |       |       |     1 |       ||     1
       Sacrifice Purity  |       |       |     1 |       ||     1
 Abil: Evoke Flight      |       |       |     1 |       ||     1
  Use: Scroll            |       |     3 |     2 |       ||     5
       Potion            |       |       |     3 |     2 ||     5
 Stab: Paralysed         |       |     1 |       |       ||     1
  Eat: Chunk             |     1 |     6 |    11 |     1 ||    19
       Ration            |       |       |     1 |       ||     1
Armor: Scale mail        |    39 |    36 |       |       ||    75
       Chain mail        |       |    35 |   139 |    11 ||   185
Dodge: Dodged            |    34 |    30 |    60 |     8 ||   132
Block: Shield            |    50 |    83 |   171 |    29 ||   333
